 Dungeon Sprint DCSS version 0.26.0-10-g1f06aea511 (webtiles) character file.

Game seed: 5954295142607607216

9 Amaterasu the Skirmisher (level 2, -8/25 HPs)
             Began as a Demonspawn Fighter on Jan 31, 2021.
             Was an Initiate of Makhleb.
             Killed from afar by a deep elf mage (20 damage)
             ... with a lance of force
             ... in the Dungeon (Sprint V: "Ziggurat Sprint").
             The game lasted 00:01:21 (86 turns).

Amaterasu the Skirmisher (Demonspawn Fighter)         Turns: 86, Time: 00:01:22

Health: -8/25      AC: 18    Str: 28    XL:     2   Next: 6%
Magic:  2/2        EV:  5    Int:  9    God:    Makhleb [......]
Gold:   0          SH:  0    Dex: 12    Spells: 1/1 levels left

rFire    + . .     SeeInvis .   l - +5 executioner's axe
rCold    + . .     Faith    .   (shield currently unavailable)
rNeg     . . .     Spirit   .   k - +5 gold dragon scales
rPois    +         Reflect  .   (helmet restricted)
rElec    .         Harm     .   (no cloak)
rCorr    .         Rampage  .   (no gloves)
Will     .....     NoTele   +   (no boots)
Stlth    ..........             (no amulet)
HPRegen  0.08/turn              D - +6 ring of strength
MPRegen  0.08/turn              E - +6 ring of strength

@: no status effects
A: antennae 1
a: Renounce Religion


You were in the Dungeon.
You worshipped Makhleb.
Makhleb was noncommittal.
You visited 1 branch

Inventory:

Hand Weapons
 l - a +5 executioner's axe (weapon)
Armour
 k - +5 gold dragon scales (worn)
Jewellery
 y - an uncursed ring of flight
 z - a +6 ring of dexterity
 A - a +6 ring of dexterity
 B - a +6 ring of intelligence
 C - a +6 ring of intelligence
 D - a +6 ring of strength (left hand)
 E - a +6 ring of strength (right hand)
Wands
 v - a wand of disintegration (7)
 w - a wand of iceblast (7)
 x - a wand of acid (7)
Scrolls
 j - 4 scrolls of blinking
 m - 4 scrolls of amnesia
 n - 7 scrolls of fog
 o - 5 scrolls of identify
 p - 5 scrolls of remove curse
 q - 2 scrolls of fear
Potions
 d - 6 potions of might
 e - 10 potions of curing
 f - 10 potions of heal wounds
 g - 6 potions of haste
 h - 7 potions of magic
 i - 3 potions of berserk rage
 r - 2 potions of brilliance
 s - 2 potions of invisibility
 t - 4 potions of resistance
 u - a potion of experience
Miscellaneous
 F - a lightning rod (4/4)


   Skills:
 * Level 3.9 Fighting
 + Level 2.1 Axes
 * Level 3.5 Armour
 * Level 1.1 Dodging
 - Level 2.6 Shields


You had one spell level left.
You didn't know any spells.
Your spell library was empty.

Dungeon Overview and Level Annotations

Branches:
Dungeon (1/1)

Altars:
Ashenzari
Cheibriados
Dithmenos
Elyvilon
Fedhas
Gozag
Hepliaklqana
Kikubaaqudgha
Makhleb
Nemelex Xobeh
Okawaru
Qazlal
Ru
Sif Muna
Trog
Uskayaw
Vehumet
Wu Jian
Xom
Yredelemnul
Zin
The Shining One
Beogh
Jiyva
Lugonu

Annotations:
D 1 transporter


Innate Abilities, Weirdness & Mutations

You have a pair of small antennae on your head.


Message History

You enter the transporter and appear at another place.
A dancing weapon, an earth elemental and a deep elf mage come into view.
There is a +0 vorpal long sword.
The deep elf mage shouts!
Found three items.
Found a transporter.
You miss the +0 vorpal long sword. The +0 vorpal long sword hits you.
The +0 vorpal long sword hits you but does no damage.
The +0 vorpal long sword hits you.
The deep elf mage hits you but does no damage.
You slice the deep elf mage!!
The deep elf mage is heavily wounded.
You miss the +0 vorpal long sword.
The +0 vorpal long sword barely misses you.
The deep elf mage casts a spell.
The deep elf mage conjures a globe of magical energy!
The +0 vorpal long sword hits you. The deep elf mage casts a spell at you.
The lance of force hits you!!
Ouch! That really hurt!
You die...

▓▓▓▓▓▓▓▓▓▓▓▓▓
▓.8©8.▓.8©8.▓
▓.)|[.▓.....▓
▓.....▓.).=.▓
▓.*...▓.....▓
▓.e(E.▓.....▓
▓..@..▓..©..▓
▓..©..▓▓▓▓▓▓▓
▓▓▓▓▓▓▓


You could see an earth elemental, a deep elf mage, a +0 vorpal long sword and a
battlesphere.

Vanquished Creatures
  2 oozes (D)
2 creatures vanquished.

Notes
Turn   | Place    | Note
-------+----------+-------------------------------------------
     0 | D        | Amaterasu the Demonspawn Fighter began the quest for the
                  | Orb.
     0 | D        | Reached XP level 1. HP: 18/18 MP: 1/1
     3 | D        | Found a blossoming altar of Fedhas.
     4 | D        | Found the +6 Majin-Bo {vamp, MP+6 Int+6}
     4 | D        | Found the +9 heavy crossbow "Sniper" {vorpal, Acc+∞ SInv}
     4 | D        | Found the +10 dark maul {vorpal}
     4 | D        | Found the +15 Maxwell's patent armour {-Cast -Tele rElec
                  | Will+ rCorr}
     4 | D        | Found the +18 shield of the Gong {rElec rN+ Will+ EV-5}
     4 | D        | Found the cursed +14 obsidian axe {vorpal, +Fly SInv
                  | *Curse}
     4 | D        | Found the +7 great mace "Firestarter" {inner flame, rF++}
     4 | D        | Found the +6 shillelagh "Devastator" {shatter}
     4 | D        | Found the +11 plutonium sword {*Contam Stlth-}
     4 | D        | Found the +8 lance "Wyrmbane" {slay drac, rPois rF+ rC+
                  | AC+3}
     4 | D        | Found the +9 sword of Zonguldrok {reap}
     4 | D        | Found the cursed +13 scythe of Curses {drain, *Curse}
     4 | D        | Found the +5 sword of Power {vorpal}
     4 | D        | Found the +7 mace of Variability {chain chaos}
     4 | D        | Found the +7 Singing Sword {vorpal, sonic wave}
     4 | D        | Found the +8 storm bow {elec, penet}
     4 | D        | Found a viscous altar of Jiyva.
     4 | D        | Found a hazy altar of Hepliaklqana.
     4 | D        | Found a transporter.
     4 | D        | Found an opulent altar of Gozag.
     4 | D        | Found an ancient bone altar of Kikubaaqudgha.
     4 | D        | Found a corrupted altar of Lugonu.
     8 | D        | Found a burning altar of Makhleb.
     9 | D        | Found a sacrificial altar of Ru.
     9 | D        | Found a stormy altar of Qazlal.
     9 | D        | Found a shimmering blue altar of Sif Muna.
     9 | D        | Found an iron altar of Okawaru.
     9 | D        | Found a bloodstained altar of Trog.
     9 | D        | Found a sparkling altar of Nemelex Xobeh.
    60 | D        | Became a worshipper of Makhleb the Destroyer
    69 | D        | Entered arena 2.
    69 | D        | Found a transporter.
    73 | D        | Reached skill level 1 in Dodging
    73 | D        | Gained mutation: You have a pair of small antennae on your
                  | head. [demonic ancestry]
    73 | D        | Reached XP level 2. HP: 24/25 MP: 2/2
    83 | D        | Entered arena 3.
    83 | D        | Noticed a +0 vorpal long sword
    83 | D        | Noticed a deep elf mage
    83 | D        | Noticed an earth elemental
    83 | D        | Found a transporter.
    86 | D        | Killed from afar by a deep elf mage

Illustrated notes

Levels and vault maps discovered:
D:        sprint_v [room_start, room_1, room_2, room_3, room_4, room_5, room_6,
          room_7, room_8, room_9, room_10, room_11, room_12, room_13, room_14,
          room_15, room_16, room_17, room_18, room_19, room_20, room_21,
          room_22, room_23, room_24, room_25, room_26, room_27]

Skill      XL: |  1 |
---------------+----+-----
Axes           | 2 |  2.1
Armour         | 3 |  3.5
Dodging        | 1 |  1.1
Fighting       | |  3.9
Shields        | |  2.6

Action                   || total
-------------------------++-------
Melee: Executioner's axe ||     4
Armor: Gold dragon scale ||     4
Dodge: Dodged            ||     1
